AoeStats
← Shutokayte

Lombardia

509270906Analyzed
4v4 RM · 5d ago on Sep 26, 2026· 74m 18s· 8 players
Game mode
Random Map
Map size
Large (8 player)
Population
200
Speed
Normal
Resources
Standard
Victory
Conquest
Starting age
Dark Age
Ending age
Imperial Age
RankedLock teamsTeams togetherTeam positionsShared explorationLock speedFull tech treeHidden civsTurbo modeCheats
Victory
Defeat
🇨🇴 Berbers · Colombia
695
+13
🇭🇰 Huns · Hong Kong SAR China
595
+17
🇫🇷 Huns · France
566
+18
🇮🇹 Bengalis · Italy
537
+18
🇺🇸 Chinese · United States
629
-20
🇵🇪 Vietnamese · Peru
628
-17
🇺🇸 Mongols · United States
605
-16
🇲🇽 Italians · Mexico
589
-18
isthisthingon
2:55 Loom
9:48 Feudal Age
11:05 Double-Bit Axe
13:13 Horse Collar
22:04 Castle Age
20:46 Gold Mining
24:15 Elite Skirmisher
25:27 Stone Mining
28:29 Gold Shaft Mining
34:32 Heavy Plow
39:17 Imperial Age
38:03 Bloodlines
37:55 Husbandry
38:16 Thumb Ring
39:25 Fletching
39:46 Forging
40:35 Parthian Tactics
40:08 Bodkin Arrow
41:43 Heavy Scorpion
42:32 Elite Steppe Lancer
45:20 Chemistry
44:47 Siege Engineers
45:56 Fortified Wall
46:09 Ballistics
46:38 Drill
48:50 Murder Holes
48:59 Bracer
49:35 Iron Casting
50:59 Elite Mangudai
55:18 Masonry
56:11 Blast Furnace
55:17 Scale Barding Armor
Bloody5115
0:28 Loom
15:36 Feudal Age
16:29 Double-Bit Axe
16:27 Horse Collar
18:00 Gold Mining
23:18 Castle Age
22:56 Wheelbarrow
22:06 Town Watch
27:45 Heavy Plow
28:00 Bow Saw
31:39 Hand Cart
31:25 Town Patrol
34:58 Imperial Age
35:04 Imperial Age
34:25 Fletching
34:35 Padded Archer Armor
35:20 Ballistics
34:51 Heated Shot
34:57 Murder Holes
36:32 Elite Chu Ko Nu
37:27 Bodkin Arrow
37:47 Leather Archer Armor
37:44 Forging
37:39 Scale Barding Armor
38:54 Two-Man Saw
40:00 Bracer
40:30 Ring Archer Armor
40:36 Iron Casting
41:49 Chain Barding Armor
43:30 Caravan
44:28 Conscription
48:33 Blast Furnace
48:08 Plate Barding Armor
47:38 Scale Mail Armor
55:14 Elite Fire Lancer
55:55 Squires
55:41 Arson
koes08
13:00 Feudal Age
16:28 Man-at-Arms
20:39 Wheelbarrow
26:14 Castle Age
27:21 Hand Cart
26:58 Double-Bit Axe
28:34 Pikeman
28:36 Long Swordsman
28:40 Elite Skirmisher
30:03 Crossbowman
34:08 Horse Collar
44:21 Bow Saw
Althair
13:54 Feudal Age
14:21 Double-Bit Axe
15:16 Wheelbarrow
14:26 Horse Collar
19:22 Gold Mining
19:26 Stone Mining
22:41 Castle Age
22:04 Forging
23:47 Bow Saw
23:56 Light Cavalry
26:29 Iron Casting
26:04 Husbandry
27:57 Hand Cart
38:05 Imperial Age
35:46 Caravan
41:08 Two-Man Saw
40:19 Heavy Plow
41:49 Pikeman
42:55 Paper Money
41:58 Elite Rattan Archer
45:39 Town Watch
46:19 Ballistics
47:01 Chemistry
45:42 Treadmill Crane
45:58 Murder Holes
47:27 Stone Shaft Mining
46:57 Padded Archer Armor
46:47 Fletching
47:05 Scale Barding Armor
49:08 Halberdier
49:49 Squires
49:35 Arson
50:38 Theocracy
52:29 Elite Fire Lancer
Shutokayte
9:35 Loom
13:07 Feudal Age
14:33 Double-Bit Axe
14:33 Horse Collar
15:40 Stone Mining
25:23 Castle Age
24:06 Bloodlines
24:16 Forging
24:12 Scale Barding Armor
23:58 Fletching
24:09 Padded Archer Armor
26:50 Bow Saw
26:44 Heavy Plow
28:03 Iron Casting
27:48 Chain Barding Armor
27:24 Bodkin Arrow
27:47 Husbandry
28:23 Gold Mining
29:37 Caravan
33:33 Ballistics
36:27 Imperial Age
39:41 Wheelbarrow
41:24 Two-Man Saw
41:07 Conscription
40:30 Elite Battle Elephant
43:08 Bloodlines
43:16 Paiks
43:51 Crop Rotation
44:00 Leather Archer Armor
44:57 Elite Ratha (Ranged)
46:41 Bracer
47:42 Blast Furnace
47:19 Plate Barding Armor
47:52 Fortified Wall
49:25 Chemistry
48:35 Elite Genitour
50:21 Gold Shaft Mining
66:31 Mahayana
Balardroch
1:20 Loom
11:36 Feudal Age
19:05 Double-Bit Axe
24:04 Castle Age
25:21 Bow Saw
26:35 Wheelbarrow
25:45 Town Watch
26:22 Horse Collar
27:38 Husbandry
27:49 Bloodlines
29:04 Forging
29:01 Scale Barding Armor
35:16 Caravan
38:30 Imperial Age
36:35 Fletching
37:03 Heavy Plow
37:41 Bodkin Arrow
39:19 Hand Cart
40:34 Crop Rotation
41:07 Town Patrol
41:55 Padded Archer Armor
44:42 Kasbah
45:07 Conscription
44:26 Heavy Camel Rider
46:09 Gold Mining
48:46 Chemistry
49:05 Ballistics
48:56 Fortified Wall
48:43 Murder Holes
49:25 Leather Archer Armor
50:04 Iron Casting
50:58 Elite Genitour
52:22 Bracer
52:53 Ring Archer Armor
52:46 Chain Barding Armor
58:53 Blast Furnace
58:29 Plate Barding Armor
58:14 Elite Camel Archer
62:17 Maghrebi Camels
65:44 Siege Engineers
65:51 Masonry
70:31 Gold Shaft Mining
71:57 Scale Mail Armor
72:37 Treadmill Crane
ROSECAT
3:14 Loom
12:51 Feudal Age
18:21 Castle Age
17:26 Double-Bit Axe
17:37 Horse Collar
18:11 Gold Mining
18:33 Stone Mining
18:33 Loom
23:01 Fervor
26:27 Gold Shaft Mining
30:51 Bow Saw
30:53 Heavy Plow
32:22 Caravan
34:48 Wheelbarrow
34:00 Town Watch
35:21 Scale Barding Armor
39:27 Imperial Age
37:19 Hand Cart
36:49 Town Watch
37:24 Masonry
37:35 Ballistics
37:16 Husbandry
37:27 Bloodlines
37:31 Forging
37:50 Arson
38:07 Squires
37:29 Pikeman
37:31 Light Cavalry
38:37 Chain Barding Armor
38:22 Murder Holes
38:58 Sanctity
38:40 Atonement
38:43 Devotion
39:52 Iron Casting
39:18 Scale Mail Armor
39:08 Fletching
39:19 Padded Archer Armor
39:48 Town Patrol
42:16 Chemistry
41:54 Plate Barding Armor
41:35 Chain Mail Armor
42:20 Blast Furnace
42:25 Two-Man Saw
42:11 Hussar
43:08 Leather Archer Armor
42:49 Bodkin Arrow
43:22 Conscription
42:23 Elite Tarkan
43:06 Marauders
43:27 Atheism
43:07 Halberdier
43:25 Cavalier
47:22 Sappers
47:54 Bracer
48:33 Illumination
48:28 Faith
72:17 Careening
72:17 Clinker Construction
71:33 Paladin
71:36 Elite Genitour
71:36 Heavy Cavalry Archer
72:42 Parthian Tactics
71:38 Elite Skirmisher
71:38 Crossbowman
72:24 Thumb Ring
71:42 Man-at-Arms
71:50 Spies/Treason
73:30 Dry Dock
73:45 Coinage
73:25 Guilds
73:37 Heresy
72:40 Long Swordsman
74:18 Two-Handed Swordsman
NAPOLEON1096
1:52 Loom
14:20 Feudal Age
14:57 Horse Collar
15:05 Double-Bit Axe
15:14 Stone Mining
15:15 Gold Mining
16:09 Town Watch
17:44 Wheelbarrow
24:44 Castle Age
25:00 Fletching
25:21 Forging
25:11 Padded Archer Armor
25:17 Scale Barding Armor
25:34 Bloodlines
26:09 Bow Saw
29:31 Hand Cart
30:17 Leather Archer Armor
30:57 Husbandry
30:18 Light Cavalry
33:13 Gold Shaft Mining
32:47 Caravan
34:59 Town Patrol
36:17 Iron Casting
36:01 Heavy Plow
35:59 Bodkin Arrow
36:54 Chain Barding Armor
37:29 Murder Holes
37:44 Masonry
37:55 Ballistics
41:24 Imperial Age
42:27 Conscription
42:28 Atheism
41:34 Hussar
43:55 Two-Man Saw
44:48 Blast Furnace
44:25 Bracer
45:01 Plate Barding Armor
45:10 Parthian Tactics
44:17 Cavalier
45:26 Elite Tarkan
46:09 Marauders
46:45 Heavy Cavalry Archer
50:10 Paladin
61:58 Capped Ram
63:46 Siege Ram
69:07 Sappers
69:03 Pikeman
69:04 Man-at-Arms
69:45 Squires
69:30 Arson
Connection lost

Rejoining the realm…

Still unreachable

The connection could not be restored.

Session expired

The server has moved on; the page needs a fresh start.